 Dungeon Crawl Stone Soup version 0.31-a0-1002-g8e65716e6e (webtiles) character file.

Game seed: 509832415505429468

1680 BinkBink the Conjurer (level 9, -3/67 HPs)
             Began as a Gargoyle Air Elementalist on Nov 9, 2023.
             Was a Follower of Vehumet.
             Slain by a steam dragon (4 damage)
             ... on level 7 of the Dungeon.
             The game lasted 00:15:10 (7546 turns).

BinkBink the Conjurer (Gargoyle Air Elementalist)   Turns: 7546, Time: 00:15:10

Health: -3/67      AC: 24    Str: 11    XL:     9   Next: 2%
Magic:  11/18      EV:  2    Int: 21    God:    Vehumet [*.....]
Gold:   315        SH:  0    Dex: 10    Spells: 10/20 levels left

rFire   . . .        l - +2 whip (drain)
rCold   . . .        (no shield)
rNeg    + . .        a - melded +0 robe
rPois   ∞            (helmet currently unavailable)
rElec   .            (cloak currently unavailable)
rCorr   +            (gloves currently unavailable)
SInv    .            i - melded +1 pair of boots
Will    +....        r - amulet of the acrobat
Stlth   ++           c - ring of resist corrosion
HPRegen 0.31/turn    (no ring)
MPRegen 0.16/turn

%: acrobat
@: tree-form, enlightened, very slightly contaminated
A: stationary, stasis, torment immunity, boosted hp, sickness immunity, AC +6,
negative energy resistance 1, (electricity resistance), torment resistance 1,
petrification resistance
a: Renounce Religion


You were on level 7 of the Dungeon.
You worshipped Vehumet.
Vehumet was aware of your devotion.
You were a tree.
You visited 1 branch of the dungeon, and saw 7 of its levels.

You collected 315 gold pieces.

Inventory:

Hand Weapons
 l - a +2 whip of draining (weapon)
Armour
 a - a +0 robe (melded)
 i - a +1 pair of boots (melded)
Jewellery
 c - a ring of resist corrosion (left branch)
 g - a ring of fire
 r - an amulet of the acrobat (around neck)
 w - a ring of positive energy
 B - a ring of flight
Wands
 y - a wand of light (10)
Scrolls
 e - 3 scrolls of enchant weapon {unknown}
 f - 3 scrolls of revelation {unknown}
 j - 4 scrolls of identify {unknown}
 k - 4 scrolls of teleportation {unknown}
 p - a scroll of fear {unknown}
 q - 2 scrolls of poison {unknown}
 s - a scroll of vulnerability {unknown}
 u - a scroll of amnesia {unknown}
 x - 2 scrolls of blinking {unknown}
 z - a scroll of fog {unknown}
 A - 3 scrolls of immolation {unknown}
 C - a scroll of brand weapon {unknown}
Potions
 b - a potion of magic
 d - 2 potions of degeneration
 h - 2 potions of curing
 m - a potion of enlightenment
 n - a potion of invisibility {unknown}
 o - a potion of brilliance {unknown}
 t - 2 potions of heal wounds {unknown}
 v - 2 potions of lignification


   Skills:
 - Level 1.7 Dodging
 - Level 2.4 Stealth
 + Level 6.2 Spellcasting
 + Level 6.9 Conjurations
 + Level 5.8 Air Magic


You had 10 spell levels left.
You knew the following spells:

 Your Spells              Type           Power      Damage    Failure   Level
a - Shock                 Conj/Air       100%       1d9       1%          1
b - Static Discharge      Conj/Air       66%        3-6/arc   1%          2
c - Swiftness             Air            31%        N/A       2%          3
d - Airstrike             Air            15%        2d(3-19)  9%          4

Your spell library contained the following spells:

 Spells                   Type           Power      Damage    Failure   Level
 Magic Dart               Conj           100%       1d8       1%          1
 Poisonous Vapours        Pois/Air       36%        N/A       4%          2
 Mephitic Cloud           Conj/Pois/Air  24%        N/A       4%          3
 Stone Arrow              Conj/Erth      42%        3d9       7%          3
 Summon Small Mammal      Summ           24%        N/A       10%         1
 Call Canine Familiar     Summ           6%         N/A       28%         3
 Summon Guardian Golem    Hex/Summ       6%         N/A       28%         3
 Freezing Cloud           Conj/Ice/Air   12%        6-21      43%         5
 Anguish                  Hex/Necr       3%         N/A       67%         4
 Animate Armour           Summ/Erth      12%        N/A       67%         4
 Cause Fear               Hex            3%         N/A       67%         4
 Enfeeble                 Hex            3%         N/A       100%        7
 Lehudib's Crystal Spear  Conj/Erth      10%        10d4      100%        8


Dungeon Overview and Level Annotations

Branches:
Dungeon (7/15)             Temple (0/1) D:5

Altars:
Ashenzari
Okawaru
Qazlal
Ru
Vehumet
Xom
Yredelemnul

Shops:
D:5 [

Annotations:
D:6 Pikel


Innate Abilities, Weirdness & Mutations

You are a tree.
Your roots penetrate the ground, keeping you stationary.
You cannot be teleported.
You are immune to unholy pain and torment.
Your maximum health is greatly increased.
Your equipment is partially melded.
You are immune to sickness and miasma.
((Your stone body is resilient. (AC +6)))
You are immune to poison.
You resist negative energy. (rN+)
((You are resistant to electric shocks. (rElec)))
You are resistant to unholy torment.
You are immune to petrification.


Message History

Aim: a steam dragon (moderately wounded, 74% to hit)
You miscast Shock.
You are very lightly contaminated with residual magic.
Nothing appears to happen.
The steam dragon breathes steam at you. The ball of steam hits you!
Casting: Shock (safe; 1% risk of failure)
Confirm with . or Enter, or press ? or * to list all spells.
The steam dragon is struck by an arc of lightning.
The steam dragon is moderately wounded.
You resist.
You are struck by an arc of lightning.
The steam dragon is struck by an arc of lightning.
The steam dragon is heavily wounded.
You resist.
You are struck by an arc of lightning.
The lightning grounds out.
The steam dragon bites you. The steam dragon barely misses you.
Casting: Static Discharge (safe; 1% risk of failure)
Confirm with . or Enter, or press ? or * to list all spells.
The steam dragon is struck by an arc of lightning.
The steam dragon is severely wounded.
You are struck by an arc of lightning.
The steam dragon breathes steam at you. The ball of steam hits you!
* * * LOW HITPOINT WARNING * * *
You hit the steam dragon but do no damage.
You drain the steam dragon.
The steam dragon is severely wounded.
You are engulfed in a cloud of scalding steam.
* * * LOW HITPOINT WARNING * * *
The steam dragon bites you.
* * * LOW HITPOINT WARNING * * *
The steam dragon claws you but does no damage.
It was a potion of lignification.
You turn into a tree.
Your +1 pair of boots melds into your body.
Your +0 robe melds into your body.
Your roots penetrate the ground.
The steam dragon bites you.
* * * LOW HITPOINT WARNING * * *
The steam dragon claws you but does no damage.
It was a potion of enlightenment.
Your roots keep you in place.
The steam dragon bites you.
You die...

..#.#..# #.##
##.#.#..# #..
#.#.#..######
#.#
#.#.......# #
#.^.......#
###.......#
#.......#
###.#####
#....♣#
#####D# #.#
#.# #.# #.#
#.# #.#


You could see a steam dragon (catching breath, drained).

Vanquished Creatures
  Sigmund (D:6)
  A black bear (D:5)
  3 ice beasts
  2 ogres
  2 centaurs (D:5)
  4 lemures (D:6)
  A phantom (D:5)
  2 scorpions (D:5)
  4 hounds
  2 jellies (D:5)
  2 gnoll boudas
  4 iguanas
  An orc wizard (D:5)
  A hound zombie (D:3)
  7 gnolls
  6 adders
  A shadow imp (D:7)
  A white imp (D:5)
  2 ufetubi (D:6)
  An adder zombie (D:3)
  A worm (D:3)
  A dart slug (D:4)
  9 orcs
  8 bats
  9 endoplasms
  3 giant cockroaches
  3 goblins
  5 hobgoblins
  9 jackals
  7 quokkas
  12 ball pythons
  A ball python zombie (D:3)
  5 frilled lizards
  7 kobolds
  A quokka zombie (D:3)
  3 rats
132 creatures vanquished.

Notes
Turn   | Place    | Note
-------+----------+-------------------------------------------
     0 | D:1      | BinkBink the Gargoyle Air Elementalist began the quest for
                  | the Orb.
     0 | D:1      | Reached XP level 1. HP: 10/10 MP: 3/3
   160 | D:1      | Reached XP level 2. HP: 15/15 MP: 0/5
   163 | D:1      | Learned a level 2 spell: Static Discharge
   661 | D:1      | Reached XP level 3. HP: 19/19 MP: 4/6
  1885 | D:2      | Reached XP level 4. HP: 24/24 MP: 1/8
  2774 | D:3      | Found a radiant altar of Vehumet.
  2786 | D:3      | Became a worshipper of Vehumet
  3623 | D:3      | Reached XP level 5. HP: 27/28 MP: 1/9
  3737 | D:3      | Found a basalt altar of Yredelemnul.
  3792 | D:3      | Learned a level 3 spell: Swiftness
  4391 | D:4      | Found a shimmering altar of Xom.
  4441 | D:4      | Found an iron altar of Okawaru.
  4472 | D:4      | Reached XP level 6. HP: 28/32 MP: 11/11
  4712 | D:5      | Entered Level 5 of the Dungeon
  4798 | D:4      | Learned a level 4 spell: Airstrike
  4799 | D:5      | Found a staircase to the Ecumenical Temple.
  4889 | D:5      | Reached * piety under Vehumet
  4889 | D:5      | Offered knowledge of Magic Dart by Vehumet.
  5064 | D:5      | Found a broken altar of Ashenzari.
  5175 | D:5      | Reached XP level 7. HP: 36/36 MP: 11/13
  5206 | D:5      | Found Nynodgh Gywuo's Antique Armour Boutique.
  5479 | D:5      | Reached skill level 5 in Conjurations
  5586 | D:5      | Reached XP level 8. HP: 25/41 MP: 1/15
  5688 | D:5      | Reached skill level 5 in Spellcasting
  5850 | D:5      | Reached skill level 5 in Air Magic
  5892 | D:5      | Found a sacrificial altar of Ru.
  5956 | D:5      | Found a stormy altar of Qazlal.
  6350 | D:6      | Noticed Pikel
  6680 | D:6      | Noticed Sigmund
  6691 | D:6      | Killed Sigmund
  7459 | D:7      | Reached XP level 9. HP: 45/45 MP: 9/18
  7544 | D:7      | HP: 2/45 [steam dragon (3)]
  7546 | D:7      | Slain by a steam dragon

Illustrated notes

Levels and vault maps discovered:
D:1:      giann_horns, layout_rooms, serial_forest,
          infiniplex_forest_end_double, infiniplex_forest_lined_ring,
          infiniplex_forest_straight_3, infiniplex_forest_lined_3,
          infiniplex_forest_clump_tiny, infiniplex_forest_lined_room_2,
          infiniplex_forest_zigzag_1, infiniplex_forest_fountain,
          infiniplex_forest_lined_2, grunt_decor_cap, minmay_misc_feat_alley
D:2:      layout_loops_ring
D:3:      layout_loops_ring, nicolae_yredelemnul_corpse_copse,
          nicolae_vehumet_radiance
D:4:      layout_loops_cross, okawaru_ov_weapons_minmay, lemuel_crystal_altar
D:5:      layout_basic, general_overflow_altar, nicolae_overflow_hidden_temple,
          cheibrodos_ashenzari_chains, temple_statues, serial_shops,
          nicolae_shop_temple_entry_statues_fountains,
          serial_library_hellmonk_room_c, st_stairs_5, amcnicky_mini_pool_small,
          minmay_pentangle
D:6:      layout_gridville, uniq_pikel, uniq_sigmund
D:7:      layout_basic, uniq_jeremiah

Skill      XL: |  1  2  3  4  5  6  7  8 |
---------------+-------------------------+-----
Conjurations   | 2 3 4 5 6 |  6.9
Air Magic      | 3 4 5 |  5.8
Spellcasting   | 3 4 6 |  6.2
Dodging        | |  1.7
Stealth        | |  2.4

Action                     |  1- 3 |  4- 6 |  7- 9 || total
---------------------------+-------+-------+-------++-------
  Melee: Unarmed           |   194 |       |       ||   194
         Punch             |     2 |       |       ||     2
         Whip              |       |    51 |    33 ||    84
   Cast: Shock             |    82 |   103 |    87 ||   272
         Static Discharge  |       |    18 |    36 ||    54
         Swiftness         |       |       |     2 ||     2
    Use: Potion            |       |     2 |     2 ||     4
   Stab: Sleeping          |       |     1 |       ||     1
 Armour: Robe              |    11 |    71 |   104 ||   186
         Skin              |       |       |     3 ||     3
  Dodge: Dodged            |    19 |    63 |    52 ||   134

Table legend: (Time is in decaauts)
 A = Elapsed time spent in this place.
 B = Non-inter-level travel time spent in this place.
 C = Inter-level travel time spent in this place.
 D = Time resting spent in this place.
 E = Time spent auto-exploring this place.
 F = Levels seen in this place.
 G = Mean time per level.
                   A        B        C        D        E       F      G
               +--------+--------+--------+--------+--------+-----+--------+
         Total |   7553 |   7281 |    272 |    494 |   5680 |   7 | 1079.0 |
       Dungeon |   7553 |   7281 |    272 |    494 |   5680 |   7 | 1079.0 |
               +--------+--------+--------+--------+--------+-----+--------+

Top non-repeatable levels by time:
     D:1: 1609 daAuts
     D:5: 1500 daAuts
     D:2: 1121 daAuts
     D:3: 1096 daAuts
     D:4: 970 daAuts
     D:6: 870 daAuts
     D:7: 385 daAuts
